 Dungeon Crawl Stone Soup version 0.30-a0-782-ge64f9170bb (webtiles) character file.

Game seed: 727984547197287604

105 Mickster the Chopper (level 4, -4/37 HPs)
             Began as a Minotaur Gladiator on Feb 19, 2023.
             Killed by divine providence
             ... invoked by an orc priest
              (11 damage)
             ... on level 4 of the Dungeon.
             The game lasted 00:24:50 (1760 turns).

Mickster the Chopper (Minotaur Gladiator)           Turns: 1760, Time: 00:24:50

Health: -4/37      AC:  8    Str: 20    XL:     4   Next: 54%
Magic:  0/3        EV:  8    Int:  5    God:
Gold:   128        SH:  0    Dex: 12    Spells: 2/3 levels left

rFire   . . .      SeeInvis .    g - +0 hand axe (freeze)
rCold   . . .      Faith    .    l - orb {light}
rNeg    . . .      Spirit   +    t - +0 chain mail
rPois   .          Reflect  .    c - +0 hat
rElec   .          Harm     .    (no cloak)
rCorr   .          Rampage  .    (no gloves)
Will    .....                    (no boots) Stlth
                                 u - amulet of guardian spirit
HPRegen 0.26/turn                (no ring)
MPRegen 0.08/turn                (no ring)

@: glowing
A: horns 2, retaliatory headbutt
a: no special abilities


You were on level 4 of the Dungeon.
You visited 1 branch of the dungeon, and saw 4 of its levels.

You collected 128 gold pieces.

Inventory:

Hand Weapons
 a - a +0 war axe
 g - a +0 hand axe of freezing (weapon)
 j - a +0 sling
 k - a +0 spear
Missiles
 d - 4 throwing nets
 e - a javelin
 i - 12 stones
 o - 4 poisoned darts (quivered)
Armour
 c - a +0 hat (worn)
 f - a +0 ring mail
 l - an orb of light (worn)
 t - a +0 chain mail (worn)
Jewellery
 u - an amulet of guardian spirit (around neck)
Scrolls
 m - 2 scrolls of fog {unknown}
 n - 5 scrolls of identify
 q - a scroll of noise {unknown}
 r - a scroll of teleportation {unknown}
Potions
 b - a potion of heal wounds {unknown}
 h - a potion of attraction
 p - a potion of lignification {unknown}
 s - 2 potions of flight {unknown}


   Skills:
 + Level 2.8 Fighting
 * Level 5.6 Axes
 + Level 2.1 Throwing
 + Level 1.3 Armour
 + Level 3.7 Dodging


You had 2 spell levels left.
You knew the following spells:

 Your Spells              Type           Power      Damage    Failure   Level
a - Magic Dart            Conj           0%         1d3       99%         1

Your spell library contained the following spells:

 Spells                   Type           Power      Damage    Failure   Level
 Lesser Beckoning         Tloc           0%         N/A       100%        2
 Searing Ray              Conj           0%         2d4       100%        2
 Gell's Gravitas          Tloc           0%         N/A       100%        3
 Teleport Other           Tloc           0%         N/A       100%        3
 Fulminant Prism          Conj/Hex       0%         3d5       100%        4


Dungeon Overview and Level Annotations

Branches:
Dungeon (4/15)
 Temple: D:4-7

Altars:

Shops:
D:2 =


Innate Abilities, Weirdness & Mutations

You have a pair of horns on your head.
You reflexively headbutt those who attack you in melee.


Message History

The ball python hisses angrily.
The orc priest mumbles some strange prayers to Beogh against you.
Pain shoots through your body!
The orc priest looks satisfied for a moment.
The ball python barely misses you. The ball python grabs you.
The ball python constricts you.
A quokka comes into view.
The orc splashes around in the water.
The ball python bites you but does no damage.
The ball python constricts you.
You escape the ball python's grasp.
The orc priest barely misses you. The orc misses you. You furiously retaliate!
You headbutt the orc.
The orc splashes around in the water.
You hit the orc priest. You freeze the orc priest.
The orc priest is heavily wounded.
You barely miss the orc. You hit the orc. You freeze the orc.
You hit the ball python. You freeze the ball python.
You kill the ball python!
The orc priest splashes around in the water.
The orc hits you but does no damage.
The orc splashes around in the water.
You hit the orc priest. You freeze the orc priest.
The orc priest is severely wounded.
You hit the orc. You freeze the orc. You hit the orc but do no damage.
The orc priest closely misses you. The orc hits you but does no damage. x2
You barely miss the orc priest.
The orc priest is severely wounded.
You hit the orc. You freeze the orc.
You kill the orc!
You hear a splash.
You hit the orc but do no damage.
The orc priest calls down the wrath of Beogh upon you.
Beogh smites you!
* * * LOW HITPOINT WARNING * * *
The orc hits you but does no damage.
You hit the orc priest. You freeze the orc priest.
The orc priest is almost dead.
You barely miss the orc.
The orc priest mumbles some strange prayers to Beogh against you.
Beogh smites you!
You die...

####.#
.................. ...
..................
..............).......
.....#............
....##........~~..
....##.......~..~.
...##~...~~..~..~~ ..
#~~..o..~..~..~
#~~..)@†~⌠.~...
#~~...or⌠~..~..
#~~~..~..~..~..
##~~~..~..~~...
##.~..~.......
#..~~........
#...........
............


You could see an orc priest, an orc and a quokka.

Vanquished Creatures
  An iguana (D:4)
  2 adders (D:2)
  5 dart slugs
  2 orcs (D:4)
  2 ball pythons
  4 bats
  7 endoplasms
  A giant cockroach (D:4)
  6 goblins
  2 hobgoblins (D:1)
  2 jackals (D:3)
  2 quokkas
  3 frilled lizards
  5 kobolds
  3 rats (D:1)
47 creatures vanquished.

Notes
Turn   | Place    | Note
-------+----------+-------------------------------------------
     0 | D:1      | Mickster the Minotaur Gladiator began the quest for the
                  | Orb.
     0 | D:1      | Reached XP level 1. HP: 18/18 MP: 0/0
   192 | D:1      | Reached skill level 4 in Axes
   192 | D:1      | Reached XP level 2. HP: 5/25 MP: 1/1
   820 | D:1      | You fall into a shaft and drop 1 floor!
  1006 | D:2      | Reached XP level 3. HP: 28/30 MP: 2/2
  1036 | D:2      | Learned a level 1 spell: Magic Dart
  1174 | D:2      | Found Noesm's Jewellery Emporium.
  1301 | D:2      | Reached skill level 5 in Axes
  1579 | D:3      | Reached XP level 4. HP: 37/37 MP: 3/3
  1605 | D:4      | Reached skill level 1 in Armour
  1760 | D:4      | Killed from afar by an orc priest

Illustrated notes

Levels and vault maps discovered:
D:1:      dpeg_arrival_water_temple_mockup, layout_loops_ring
D:2:      layout_basic, serial_shops, nicolae_shop_hallway_plus
D:3:      minmay_wonky_spiral, layout_loops_cross, old_standard_altar,
          minmay_misc_feat_more_columns
D:4:      cheibrodos_helix_gallery, layout_cave_pods, lightli_sewer_entry_pipes,
          hangedman_glass_teeth, palyth_stone_intersect, uniq_edmund

Skill      XL: |  1  2  3  4 |
---------------+-------------+-----
Axes           | 4 5 |  5.6
Armour         | 1 |  1.3
Fighting       | |  2.8
Throwing       | |  2.1
Dodging        | |  3.7

Action                     |  1- 3 |  4- 6 || total
---------------------------+-------+-------++-------
  Melee: War axe           |    15 |       ||    15
         Headbutt          |    11 |     3 ||    14
         Punch             |     1 |       ||     1
         Hand axe          |    53 |    16 ||    69
    Use: Scroll            |     2 |       ||     2
         Potion            |     1 |       ||     1
 Armour: Leather armour    |     1 |       ||     1
         Ring mail         |    28 |     1 ||    29
         Chain mail        |       |     5 ||     5
  Dodge: Dodged            |    47 |    15 ||    62

Table legend: (Time is in decaauts)
 A = Elapsed time spent in this place.
 B = Non-inter-level travel time spent in this place.
 C = Inter-level travel time spent in this place.
 D = Time resting spent in this place.
 E = Time spent auto-exploring this place.
 F = Levels seen in this place.
 G = Mean time per level.
                   A        B        C        D        E       F      G
               +--------+--------+--------+--------+--------+-----+--------+
         Total |   1769 |   1709 |     60 |    288 |      0 |   4 |  442.2 |
       Dungeon |   1769 |   1709 |     60 |    288 |      0 |   4 |  442.2 |
               +--------+--------+--------+--------+--------+-----+--------+

Top non-repeatable levels by time:
     D:1: 826 daAuts
     D:2: 571 daAuts
     D:3: 205 daAuts
     D:4: 166 daAuts
